 Dungeon Crawl Stone Soup version 0.31-a0-177-g4aa6249778 (webtiles) character file.

Game seed: 12295294720855827743

37 Elmgren the Conjurer (level 3, 0/19 HPs)
             Began as a Deep Elf Conjurer on June 19, 2023.
             Slain by Terence
             ... wielding a +1 vampiric short sword
              (4 damage)
             ... on level 2 of the Dungeon.
             The game lasted 00:03:45 (1841 turns).

Elmgren the Conjurer (Deep Elf Conjurer)            Turns: 1841, Time: 00:03:45

Health: 0/19       AC:  2    Str:  4    XL:     3   Next: 23%
Magic:  1/10       EV: 12    Int: 24    God:
Gold:   56         SH:  0    Dex: 13    Spells: 9/10 levels left

rFire   . . .        j - +0 dagger (flame)
rCold   . . .        (no shield)
rNeg    . . .        a - +0 robe
rPois   .            (no helmet)
rElec   .            (no cloak)
rCorr   .            (no gloves)
SInv    .            (no boots)
Will    .....        (no amulet)
Stlth   ++           (no ring)
HPRegen 0.23/turn    (no ring)
MPRegen 0.12/turn

%: no passive effects
@: very slightly contaminated
A: no striking features
a: no special abilities


You were on level 2 of the Dungeon.
You visited 1 branch of the dungeon, and saw 2 of its levels.

You collected 56 gold pieces.


   Skills:
 - Level 2.4 Dodging
 - Level 2.4 Stealth
 + Level 4.2 Spellcasting
 + Level 5.0 Conjurations


You had 9 spell levels left.
You knew the following spells:

 Your Spells              Type           Power      Damage    Failure   Level
m - Magic Dart            Conj           100%       1d8       1%          1

Your spell library contained the following spells:

 Spells                   Type           Power      Damage    Failure   Level
 Searing Ray              Conj           58%        2d6       1%          2
 Apportation              Tloc           10%        N/A       10%         1
 Dazzling Flash           Conj/Hex       34%        N/A       10%         3
 Blink                    Tloc           10%        N/A       14%         2
 Fulminant Prism          Conj/Hex       8%         3d7       32%         4
 Iskenderun's Mystic Bla  Conj/Tloc      17%        2d5       32%         4
 Manifold Assault         Tloc           5%         N/A       67%         4
 Alistair's Intoxication  Tmut/Pois      3%         N/A       95%         5
 Storm Form               Tmut/Air       2%         N/A       100%        7

Inventory:

Hand Weapons
 j - a +0 dagger of flaming (weapon)
   (You found it on level 1 of the Dungeon)
Missiles
 e - 4 stones
Armour
 a - a +0 robe (worn)
Jewellery
 C - a ring of ice
   (You found it on level 2 of the Dungeon)
Potions
 b - a potion of magic
 c - 2 potions of mutation {unknown}
 d - 2 potions of curing {unknown}
 k - a potion of attraction {unknown}

Dungeon Overview and Level Annotations

Branches:
Dungeon (2/15) Zot: 10157

Altars:

Shops:
D:2 (

Annotations:
D:2 Terence

### #.# #........# ..#
#.###########.# .)#
#.............#
..#############....#############
..+.##...#.# #................#
..#.##.#.#.# #....###########.#
[.'...)....# #...##########.#.#
..#....#.#.# #..####........#.#
(.######.#.####.@......#####.#.#
### #.#....#.@####..# #.#.#
#.#....#..# #..#####.#.#
######.#....##.# #........#.#
#...............####.########.#
#.#####.#.....†.............#.#
#.##...#######.######.#.#
#.##...##....#.######.#.#
..#######.##.#.##...>†..##


You could see Terence.


Message History

😎 MP[-1]
You lost 1 mp, and now have 4/10 mp.
Casting: Magic Dart (safe; 1% risk of failure)
Confirm with . or Enter, or press ? or * to list all spells.
Aiming: Magic Dart (safe; 1% risk of failure)
Press: ? - help, Shift-Dir - straight line, f/p - Terence
Aim: Terence, wielding a +1 vampiric short sword and wearing a +0 scale mail (100% to hit)
The magic dart hits Terence. 😎 MP[-1]
You lost 1 mp, and now have 3/10 mp.
Casting: Magic Dart (safe; 1% risk of failure)
Confirm with . or Enter, or press ? or * to list all spells.
Aiming: Magic Dart (safe; 1% risk of failure)
Press: ? - help, Shift-Dir - straight line, f/p - Terence
Aim: Terence, wielding a +1 vampiric short sword and wearing a +0 scale mail (lightly wounded, 100% to hit)
The magic dart hits Terence but does no damage.
Casting: Magic Dart (safe; 1% risk of failure)
Confirm with . or Enter, or press ? or * to list all spells.
Aiming: Magic Dart (safe; 1% risk of failure)
Press: ? - help, Shift-Dir - straight line, f/p - Terence
Aim: Terence, wielding a +1 vampiric short sword and wearing a +0 scale mail (lightly wounded, 100% to hit)
The magic dart hits Terence. 😎 MP[-1]
You lost 1 mp, and now have 2/10 mp.
Casting: Magic Dart (safe; 1% risk of failure)
Confirm with . or Enter, or press ? or * to list all spells.
Aiming: Magic Dart (safe; 1% risk of failure)
Press: ? - help, Shift-Dir - straight line, f/p - Terence
Aim: Terence, wielding a +1 vampiric short sword and wearing a +0 scale mail (heavily wounded, 100% to hit)
The magic dart hits Terence. 😎 MP[-1]
You lost 1 mp, and now have 1/10 mp.
Terence attacks as you move away!
Terence hits you with a +1 vampiric short sword.
There is an open door here. 😕 HP[-4]
You take 4 damage, and now have 15/19 hp.
MASSIVE DAMAGE!! (PAUSE) Terence attacks as you move away!
Terence hits you with a +1 vampiric short sword.
Terence draws strength from your wounds! 😮 HP[-4]
You take 4 damage, and now have 11/19 hp.
MASSIVE DAMAGE!! (PAUSE)
You hit Terence but do no damage.
Terence hits you with a +1 vampiric short sword.
* * * LOW HITPOINT WARNING * * *
😨 HP[-3]
You take 3 damage, and now have 8/19 hp. 😨 MP[+1] Terence attacks as you move away!
Terence misses you. 😨 HP[+1] Terence attacks as you move away!
Terence closely misses you. Terence attacks as you move away!
Terence misses you. 😮 HP[+1] MP[+1] Terence attacks as you move away!
Terence barely misses you. 😮 HP[+1] Terence attacks as you move away!
Terence barely misses you. 😮 HP[+1] 😮 MP[+1] Terence attacks as you move away!
Terence hits you with a +1 vampiric short sword.
* * * LOW HITPOINT WARNING * * *
😨 HP[-4]
You take 4 damage, and now have 8/19 hp.
MASSIVE DAMAGE!! (PAUSE)
Casting: Magic Dart (safe; 1% risk of failure)
Confirm with . or Enter, or press ? or * to list all spells.
Aiming: Magic Dart (safe; 1% risk of failure)
Press: ? - help, Shift-Dir - straight line, f/p - Terence
Aim: Terence, wielding a +1 vampiric short sword and wearing a +0 scale mail (moderately wounded, 100% to hit)
The magic dart hits Terence!
Terence hits you with a +1 vampiric short sword.
* * * LOW HITPOINT WARNING * * *
Terence draws strength from your wounds! 😨 HP[-1] MP[-1]
You take 1 damage, and now have 7/19 hp.
You lost 1 mp, and now have 3/10 mp.
Casting: Magic Dart (safe; 1% risk of failure)
Confirm with . or Enter, or press ? or * to list all spells.
Aiming: Magic Dart (safe; 1% risk of failure)
Press: ? - help, Shift-Dir - straight line, f/p - Terence
Aim: Terence, wielding a +1 vampiric short sword and wearing a +0 scale mail (severely wounded, 100% to hit)
The magic dart hits Terence.
Terence hits you with a +1 vampiric short sword.
* * * LOW HITPOINT WARNING * * *
Terence draws strength from your wounds! 😱 HP[-3] MP[-1]
You take 3 damage, and now have 4/19 hp.
You lost 1 mp, and now have 2/10 mp.
Casting: Magic Dart (safe; 1% risk of failure)
Confirm with . or Enter, or press ? or * to list all spells.
Aiming: Magic Dart (safe; 1% risk of failure)
Press: ? - help, Shift-Dir - straight line, f/p - Terence
Aim: Terence, wielding a +1 vampiric short sword and wearing a +0 scale mail (almost dead, 100% to hit)
You miscast Magic Dart.
You are very lightly contaminated with residual magic.
Nothing appears to happen.
Terence hits you with a +1 vampiric short sword.
You die...

Skill      XL: |  1  2 |
---------------+-------+-----
Spellcasting   | 4 |  4.2
Conjurations   | 5 |  5.0
Dodging        | |  2.4
Stealth        | |  2.4

Action                     || total
---------------------------++-------
  Melee: Dagger            ||     1
   Cast: Magic Dart        ||    64
    Use: Scroll            ||     5
 Armour: Robe              ||     1
  Dodge: Dodged            ||     8

Levels and vault maps discovered:
D:1:      dpeg_arrival_three_same_balls, layout_loops_ring, st_stairs_1
D:2:      layout_basic, serial_shops, nicolae_shop_window_shopping,
          minmay_liquid_box, amcnicky_mini_rare_corridor_liquid, uniq_sigmund,
          uniq_terence

Notes
Turn   | Place    | Note
-------+----------+-------------------------------------------
     0 | D:1      | Elmgren the Deep Elf Conjurer began the quest for the Orb.
     0 | D:1      | Reached XP level 1. HP: 10/10 MP: 6/6
     0 | D:1      | magus.rc [v1.11.6]
     2 | D:1      | magus.rc [v1.11.6]
   337 | D:1      | You add the spells Apportation and Alistair's Intoxication
                  | to your library.
   394 | D:1      | Reached XP level 2. HP: 15/15 MP: 3/8
   591 | D:1      | You add the spells Blink, Manifold Assault and Storm Form
                  | to your library.
  1358 | D:2      | Found Deanucoy's Antique Weapon Shop.
  1425 | D:2      | Reached skill level 4 in Spellcasting
  1459 | D:2      | Reached skill level 5 in Conjurations
  1495 | D:2      | Reached XP level 3. HP: 19/19 MP: 7/10
  1808 | D:2      | Noticed Terence
  1840 | D:2      | HP: 4/19 [Terence/+1 vampiric short sword (4)]
  1841 | D:2      | Slain by Terence

Vanquished Creatures
  A worm (D:2)
  A dart slug (D:2)
  5 ball pythons
  A bat (D:2)
  5 endoplasms
  A giant cockroach (D:1)
  A goblin (D:2)
  4 hobgoblins
  2 quokkas (D:2)
  6 frilled lizards
  2 kobolds (D:2)
  A rat (D:1)
30 creatures vanquished.

Table legend:
 A = Non-vault XP
 B = Vault XP
 C = Vault XP percentage of total XP
 D = Non-vault monster count
 E = Vault monster count
 F = Vault count percentage of total count
                 A         B        C        D         E       F
            +---------+---------+-------+---------+---------+-------
      Total |      50 |       4 |   7.4 |      28 |       2 |   6.7
            +---------+---------+-------+---------+---------+-------
        D:1 |      21 |       4 |  16.0 |      14 |       2 |  12.5
        D:2 |      29 |       0 |   0.0 |      14 |       0 |   0.0
            +---------+---------+-------+---------+---------+-------

Skill      XL: |  1  2 |
---------------+-------+-----
Spellcasting   | 4 |  4.2
Conjurations   | 5 |  5.0
Dodging        | |  2.4
Stealth        | |  2.4

Action                     || total
---------------------------++-------
  Melee: Dagger            ||     1
   Cast: Magic Dart        ||    64
    Use: Scroll            ||     5
 Armour: Robe              ||     1
  Dodge: Dodged            ||     8

Illustrated notes

Table legend:
 A = Kills in this place as a percentage of kills in the entire game.
 B = Kills by you in this place as a percentage of kills by you in the entire game.
 C = Kills by friends in this place as a percentage of kills by friends in the entire game.
 D = Other kills in this place as a percentage of other kills in the entire game.
 E = Experience gained in this place as a percentage of experience gained in the entire game.
 F = Experience gained in this place divided by the number of levels of this place that you have seen.
                   A       B       C       D       E      F
               +-------+-------+-------+-------+-------+----------------------
         Total | 100.0 | 100.0 |   N/A |   N/A | 100.0 |  27.0
       Dungeon | 100.0 | 100.0 |   N/A |   N/A | 100.0 |  27.0
               +-------+-------+-------+-------+-------+----------------------

Table legend: (Time is in decaauts)
 A = Elapsed time spent in this place.
 B = Non-inter-level travel time spent in this place.
 C = Inter-level travel time spent in this place.
 D = Time resting spent in this place.
 E = Time spent auto-exploring this place.
 F = Levels seen in this place.
 G = Mean time per level.
                   A        B        C        D        E       F      G
               +--------+--------+--------+--------+--------+-----+--------+
         Total |   1842 |   1787 |     55 |     69 |   1536 |   2 |  921.0 |
       Dungeon |   1842 |   1787 |     55 |     69 |   1536 |   2 |  921.0 |
               +--------+--------+--------+--------+--------+-----+--------+

Top non-repeatable levels by time:
     D:1: 967 daAuts
     D:2: 874 daAuts
